 Dungeon Crawl Stone Soup version 0.18.1-48-g4cf74bf (webtiles) character file.

264 KingGeedorah the Changer (level 5, 0/40 HPs)
             Began as a Draconian Transmuter on July 23, 2016.
             Slain by Sigmund
             ... wielding a +0 scythe
              (5 damage)
             ... on level 3 of the Dungeon.
             The game lasted 00:06:01 (4106 turns).

KingGeedorah the Changer (Draconian Transmuter)     Turns: 4106, Time: 00:06:02

Health: 0/40       AC:  5    Str: 12    XL:     5   Next: 98%
Magic:  5/8        EV: 12    Int: 13    God:
Gold:   152        SH:  0    Dex: 13    Spells: 3 memorised, 2 levels left

rFire  . . .     SeeInvis .       - Unarmed
rCold  . . .     Gourm    .     (armour unavailable)
rNeg   . . .     Faith    .     (no shield)
rPois  +         Spirit   .     (helmet restricted)
rElec  .         Dismiss  .     (no cloak)
rCorr  .         Reflect  .     (no gloves)
SustAt .         Harm     .     (no boots)
MR     .....                    (no amulet)
Stlth  +.........               (no ring)
                                p - ring of poison resistance

@: not resistant to hostile enchantments, very unstealthy
A: unfitting armour, cold-blooded, AC +5
a: no special abilities


You were on level 3 of the Dungeon.
You were hungry.

You visited 1 branch of the dungeon, and saw 4 of its levels.
You also visited: Ossuary.

You collected 152 gold pieces.

Inventory:

Missiles
 a - 149 arrows
Jewellery
 p - a ring of poison resistance (left hand)
 q - an uncursed ring of sustain attributes {unknown}
Scrolls
 e - 3 scrolls of fear
 g - 3 scrolls of teleportation
 h - 2 scrolls of noise {unknown}
 i - 4 scrolls of remove curse
 l - a scroll of random uselessness {unknown}
Potions
 f - 3 potions of agility
 j - 2 potions of brilliance
 k - 2 potions of might
 m - a potion of haste {unknown}
 n - a potion of curing {unknown}
 o - 2 potions of flight {unknown}
 r - 2 potions of heal wounds {unknown}
 s - 2 potions of mutation {unknown}
 t - a potion of berserk rage {unknown}
 u - a potion of ambrosia {unknown}
Books
 b - a book of Changes

   Spells                             Type                      Level
   a - Beastly Appendage              Transmutation                1
   b - Sticks to Snakes               Transmutation                2
   c - Spider Form                    Transmutation/Poison         3
   d - Ice Form                       Ice/Transmutation            4
   e - Blade Hands                    Transmutation                5
Comestibles
 c - 4 bread rations
 d - 4 beef jerkies


   Skills:
 - Level 1.1 Fighting
 - Level 1.7 Dodging
 - Level 3.0 Unarmed Combat
 - Level 2.0 Spellcasting
 + Level 6.3 Transmutations


You had 2 spell levels left.
You knew the following spells:

 Your Spells              Type           Power        Failure   Level  Hunger
a - Beastly Appendage     Trmt           ###...       1%          1    ##.....
b - Sticks to Snakes      Trmt           ###.....     3%          2    ###....
c - Spider Form           Trmt/Pois      #.........   21%         3    ####...


Dungeon Overview and Level Annotations

Branches:
Dungeon (4/15)
 Temple: D:4-7

Altars:
The Shining One

Annotations:
D:3 Sigmund


Innate Abilities, Weirdness & Mutations

Your plain brown scales are hard (AC +5).
Your body does not fit into most forms of armour.
You are cold-blooded and may be slowed by cold attacks.


Message History

Unknown command.
Are you sure you want to stumble around while confused and next to your ball python?
Okay, then.
Are you sure you want to stumble around while confused and next to your ball python?
Your transformation has ended.
Sigmund closely misses you.
Your ball python bites Sigmund but does no damage.
Your ball python grabs Sigmund.
Your ball python constricts Sigmund.
Unknown command.
You're too confused to cast spells.
Are you sure you want to stumble around while confused and next to your ball python?
Okay, then.
Your ball python bites Sigmund.
Your ball python constricts Sigmund.
Sigmund closely misses you.
Your ball python barely misses Sigmund.
Your ball python constricts Sigmund.
You feel less confused.
Your ball python bites Sigmund but does no damage.
Your ball python constricts Sigmund.
Sigmund hits you from afar with a scythe.
You die...

#...........####.# #.....###
#...........# #.#####.#....
#...........# #.##....#....
#...........# #.##.........
#.........#.####.##.........
#.#.#............##.......[.
#.#.#.##.##.#######......###
. .... #.##.#######....#.##
.....##.#.@........####..#
..........S@.......# #..#
.#####...........# #..##
##.######...###...# #.#
#...#.....# #.# #...#.....#
..# #...#...... ###
#...#...... #...#....#.


You could see Sigmund and a friendly ball python.

Vanquished Creatures
  2 scorpions (D:4)
  A big kobold zombie (Ossuary)
  A mummy (Ossuary)
  An adder (D:3)
  4 adder zombies (Ossuary)
  A worm (D:2)
  2 dart slugs
  A giant gecko (D:2)
  4 bats
  2 giant cockroaches
  4 hobgoblins (D:2)
  3 jackals (D:4)
  2 quokkas
  A ball python (D:1)
  3 giant newts
  4 gnoll zombies
  5 goblins
  4 hobgoblin zombies (Ossuary)
  7 kobolds
  3 kobold zombies (Ossuary)
  6 orc zombies (Ossuary)
  3 rats (D:1)
64 creatures vanquished.

Vanquished Creatures (collateral kills)
  A water moccasin zombie (Ossuary)
1 creature vanquished.

Vanquished Creatures (others)
  A mummy (Ossuary)
  An orc zombie (Ossuary)
2 creatures vanquished.

Grand Total: 67 creatures vanquished

Notes
Turn   | Place    | Note
--------------------------------------------------------------
     0 | D:1      | KingGeedorah the Draconian Transmuter began the quest for the Orb.
     0 | D:1      | Reached XP level 1. HP: 16/16 MP: 3/3
   289 | D:1      | Reached XP level 2. HP: 22/23 MP: 5/5
   548 | D:1      | Reached skill level 3 in Transmutations
  1265 | D:2      | Learned a level 2 spell: Sticks to Snakes
  1299 | D:2      | Found a glowing golden altar of the Shining One.
  1307 | D:2      | Reached XP level 3. HP: 7/28 MP: 6/6
  1552 | D:2      | Learned a level 3 spell: Spider Form
  1782 | D:2      | You fall through a shaft for 2 floors!
  1898 | D:4      | Noticed a scorpion
  1898 | D:4      | Noticed a scorpion
  1917 | D:4      | Killed a scorpion
  1917 | D:4      | Reached skill level 4 in Transmutations
  1917 | D:4      | Reached XP level 4. HP: 23/35 MP: 4/7
  1920 | D:4      | Reached skill level 5 in Transmutations
  1920 | D:4      | Reached XP level 5. HP: 22/40 MP: 4/8
  2117 | D:4      | Found a sand-covered staircase.
  2135 | Ossuary  | Entered an ossuary
  2917 | Ossuary  | Reached skill level 6 in Transmutations
  3839 | D:3      | Found a faded altar to an unknown god.
  4067 | D:3      | Noticed Sigmund
  4106 | D:3      | Slain by Sigmund

Skill      XL: |  1  2  3  4  5 |
---------------+----------------+-----
Transmutations | 3 4 5 6 |  6.3
Fighting       | |  1.1
Dodging        | |  1.7
Unarmed Combat | |  3.0
Spellcasting   | |  2.0

Action                   |  1- 3 |  4- 6 || total
-------------------------+-------+-------++-------
Melee: Unarmed           |   130 |   188 ||   318
       Tailslap          |    13 |    17 ||    30
       Punch             |       |     3 ||     3
 Cast: Spider Form       |     1 |     6 ||     7
       Sticks to Snakes  |       |     7 ||     7
  Use: Scroll            |     8 |     4 ||    12
 Stab: Sleeping          |     2 |     1 ||     3
  Eat: Chunk             |     3 |     3 ||     6
       Meat ration       |       |     1 ||     1
Armor: Skin              |    27 |    40 ||    67
Dodge: Dodged            |    97 |   106 ||   203
